 Dungeon Crawl Stone Soup version 0.26-a0-663-g36e8fdb655 (webtiles) character file.

Game seed: 9873177056089030787

581 reriks the Covered (level 7, -1/64 HPs)
             Began as a Deep Dwarf Fighter on Oct 12, 2020.
             Killed by divine providence
             ... invoked by an orc priest
              (8 damage)
             ... on level 5 of the Dungeon.
             The game lasted 00:04:50 (2739 turns).

reriks the Covered (Deep Dwarf Fighter)             Turns: 2739, Time: 00:04:51

Health: -1/64      AC:  8    Str: 21    XL:     7   Next: 13%
Magic:  3/3        EV:  9    Int:  9    God:
Gold:   92         SH: 10    Dex: 12    Spells: 6/6 levels left

rFire    + . .     SeeInvis .   a - +0 war axe
rCold    x . .     Faith    .   c - +0 kite shield
rNeg     . . .     Spirit   .   b - +0 scale mail
rPois    .         Reflect  .   (no helmet)
rElec    .         Harm     .   p - +0 cloak
rCorr    .         Rampage  .   (no gloves)
MR       +....                  (no boots)
Stlth    ..........             (no amulet)
HPRegen  0.00/turn              k - ring of fire
MPRegen  0.08/turn              (no ring)

@: non-regenerating
A: damage resistance, heal wounds, sense surroundings 1, no regeneration
a: Heal Wounds


You were on level 5 of the Dungeon.
You visited 1 branch of the dungeon, and saw 5 of its levels.

You collected 170 gold pieces.
You spent 78 gold pieces at shops.

Inventory:

Hand Weapons
 a - a +0 war axe (weapon)
Armour
 b - a +0 scale mail (worn)
 c - a +0 kite shield (worn)
 p - a +0 cloak (worn)
Jewellery
 k - a ring of fire (left hand)
Wands
 o - a wand of paralysis (10)
Scrolls
 e - a scroll of identify
 f - 2 scrolls of teleportation {unknown}
 i - 2 scrolls of fear {unknown}
 m - a scroll of enchant weapon {unknown}
 q - a scroll of remove curse {unknown}
 r - a scroll of random uselessness {unknown}
 u - a scroll of noise {unknown}
Potions
 d - a potion of degeneration {unknown}
 g - 2 potions of haste
 h - 2 potions of brilliance
 j - 5 potions of stabbing
 l - a potion of resistance {unknown}
 n - 2 potions of cancellation {unknown}
 s - 3 potions of curing
 t - a potion of lignification {unknown}
 v - 3 potions of invisibility {unknown}


   Skills:
 + Level 4.1 Fighting
 + Level 4.2 Axes
 + Level 4.9 Armour
 + Level 3.5 Dodging
 + Level 4.9 Shields


You had 6 spell levels left.
You didn't know any spells.
Your spell library contained the following spells:

 Spells                   Type           Power        Failure   Level
 Magic Dart               Conj           #...         98%         1
 Blink                    Tloc           N/A          99%         2
 Call Imp                 Summ           #.......     99%         2
 Slow                     Hex            #.......     99%         2
 Conjure Flame            Conj/Fire      #.......     100%        3
 Mephitic Cloud           Conj/Pois/Air  #.......     100%        3


Dungeon Overview and Level Annotations

Branches:
Dungeon (5/15)
 Temple: D:4-7

Altars:
Elyvilon
Wu Jian

Shops:
D:4 !


Innate Abilities, Weirdness & Mutations

You are resistant to damage.
You can heal yourself by infusing magical energy.
You passively map a small area around you.
You do not regenerate.


Message History

The orc priest looks braver for a moment.
The leopard gecko hisses angrily.
You slash the orc priest!
The orc priest is almost dead.
The orc priest hits you with a +0 hand axe.
The orc closely misses you.
The orc priest invokes the aid of Beogh against you.
Beogh smites you!
* * * LOW HITPOINT WARNING * * *
You hit the orc priest.
You kill the orc priest!
You hit the orc but do no damage. You closely miss the orc. You slash the orc!
You kill the orc!
You block the orc's attack.
You closely miss the leopard gecko. You closely miss the orc.
You block the leopard gecko's attack. You block the orc's attack.
The orc priest invokes the aid of Beogh against you.
Beogh smites you!
You die...

* * , ,
** * * *
* * * ,
, * * ,
### ,
#<# * ,
#@#** *
*
#olo...#
,
#####?.#
* , # ,
* * * ,
, , , ,,
, * * ,
, * **


You could see an orc priest, an orc and a leopard gecko.

Vanquished Creatures
  A gnoll sergeant (D:4)
  A scorpion (D:4)
  A howler monkey (D:4)
  A hound (D:4)
  An orc priest (D:5)
  3 orc wizards (D:3)
  An iguana (D:4)
  2 worker ants
  Robin (D:4)
  2 adders (D:3)
  4 gnolls (D:4)
  2 oozes
  2 worms
  A dart slug (D:1)
  5 leopard geckos
  13 orcs
  4 giant cockroaches
  22 goblins
  14 hobgoblins
  10 jackals
  3 quokkas
  9 bats
  4 frilled lizards
  6 kobolds
  10 rats
123 creatures vanquished.

Notes
Turn   | Place    | Note
-------+----------+-------------------------------------------
     0 | D:1      | reriks the Deep Dwarf Fighter began the quest for the Orb.
     0 | D:1      | Reached XP level 1. HP: 20/20 MP: 1/1
    82 | D:1      | Reached XP level 2. HP: 20/27 MP: 2/2
   232 | D:1      | Reached skill level 1 in Dodging
   467 | D:1      | Reached XP level 3. HP: 21/33 MP: 3/3
  1131 | D:2      | Found an ornate altar of the Wu Jian Council.
  1410 | D:2      | Found a white marble altar of Elyvilon.
  1470 | D:2      | Reached XP level 4. HP: 41/42 MP: 4/4
  1907 | D:3      | Reached XP level 5. HP: 47/49 MP: 4/4
  2316 | D:4      | Noticed Robin
  2363 | D:4      | Found Hiazuq's Distillery.
  2394 | D:4      | Bought a potion of curing for 39 gold pieces
  2394 | D:4      | Bought a potion of curing for 39 gold pieces
  2505 | D:4      | Reached XP level 6. HP: 44/56 MP: 3/3
  2519 | D:4      | Killed Robin
  2652 | D:4      | Reached XP level 7. HP: 30/64 MP: 3/3
  2721 | D:5      | Entered Level 5 of the Dungeon
  2739 | D:5      | Killed from afar by an orc priest

Illustrated notes

Levels and vault maps discovered:
D:1:      dpeg_arrival_court, layout_basic, st_stairs_9,
          chequers_serial_rivers_micro_a, minmay_pentomino_r2
D:2:      layout_basic, elyvilon_altar_3, nicolae_overflow_crystal_walls
D:3:      layout_basic, minmay_pentangle
D:4:      minmay_bubble_buster, layout_rooms, serial_shops, shop, uniq_robin
D:5:      layout_basic, minitemple, temple_pool_b, dk_rats_in_the_wall

Skill      XL: |  1  2  3  4  5  6 |
---------------+-------------------+-----
Dodging        | 1 2 3 |  3.5
Fighting       | 3 4 |  4.1
Axes           | 3 4 |  4.2
Armour         | 4 |  4.9
Shields        | 4 |  4.9

Action                   |  1- 3 |  4- 6 |  7- 9 || total
-------------------------+-------+-------+-------++-------
Melee: War axe           |   182 |   185 |    19 ||   386
 Abil: Heal Wounds       |     1 |     4 |       ||     5
Evoke: Wand              |       |       |     1 ||     1
  Use: Scroll            |       |     3 |       ||     3
       Potion            |       |     1 |       ||     1
Armor: Scale mail        |    91 |    75 |     5 ||   171
Dodge: Dodged            |    85 |    76 |    11 ||   172
Block: Kite shield       |   118 |   100 |     8 ||   226

Table legend: (Time is in decaauts)
 A = Elapsed time spent in this place.
 B = Non-inter-level travel time spent in this place.
 C = Inter-level travel time spent in this place.
 D = Time resting spent in this place.
 E = Time spent auto-exploring this place.
 F = Levels seen in this place.
 G = Mean time per level.
                   A        B        C        D        E       F      G
               +--------+--------+--------+--------+--------+-----+--------+
         Total |   2904 |   2798 |    106 |     24 |   1797 |   5 |  580.8 |
       Dungeon |   2904 |   2798 |    106 |     24 |   1797 |   5 |  580.8 |
               +--------+--------+--------+--------+--------+-----+--------+

Top non-repeatable levels by time:
     D:1: 1134 daAuts
     D:3: 761 daAuts
     D:2: 543 daAuts
     D:4: 441 daAuts
     D:5: 23 daAuts
